AoeStats
← ssz

Arabian Desert

509435593Analyzed
1v1 RM · 5d ago on Sep 26, 2026· 57m 43s· 2 players
Game mode
Random Map
Map size
Tiny (2 player)
Population
200
Speed
Normal
Resources
Standard
Victory
Conquest
Starting age
Dark Age
Ending age
Imperial Age
RankedLock teamsTeams togetherTeam positionsShared explorationLock speedFull tech treeHidden civsTurbo modeCheats
Victory
Defeat
🇭🇺 Khmer · Hungary
1521
+21
🇹🇷 Dravidians · Türkiye
1636
-21
ssz
6:17 Loom
8:52 Feudal Age
9:30 Double-Bit Axe
10:25 Fletching
19:17 Padded Archer Armor
23:16 Castle Age
23:52 Bodkin Arrow
23:19 Elite Skirmisher
27:26 Pikeman
32:07 Scale Mail Armor
48:39 Squires
norvel
6:15 Loom
8:24 Feudal Age
9:35 Double-Bit Axe
10:03 Loom
14:24 Scale Barding Armor
15:29 Forging
22:06 Bloodlines
28:55 Castle Age
31:41 Town Watch
32:00 Horse Collar
38:17 Fletching
43:40 Guard Tower
56:24 Imperial Age
56:01 Herbal Medicine
56:13 Murder Holes
56:47 Chain Barding Armor
57:37 Ballistics
57:31 Husbandry
58:12 Plate Barding Armor
Connection lost

Rejoining the realm…

Still unreachable

The connection could not be restored.

Session expired

The server has moved on; the page needs a fresh start.